 Dungeon Crawl Stone Soup version 0.27.1 (webtiles) character file.

Game seed: 15021505152638721772

346 Malachi the Poker (level 6, -5/47 HPs)
             Began as a Demonspawn Gladiator on Aug 24, 2021.
             Slain by a goblin (15 damage)
             ... on level 4 of the Dungeon.
             The game lasted 00:04:13 (5209 turns).

Malachi the Poker (Demonspawn Gladiator)            Turns: 5209, Time: 00:04:14

Health: -5/47      AC: 19    Str: 16    XL:     6   Next: 32%
Magic:  6/6        EV:  1    Int: 10    God:
Gold:   146        SH:  0    Dex: 14    Spells: 5/5 levels left

rFire    . . .     SeeInvis .   l - +2 quarterstaff (chaos)
rCold    . . .     Faith    .   (shield currently unavailable)
rNeg     . . .     Spirit   .   e - +0 crystal plate armour
rPois    .         Reflect  .   (helmet restricted)
rElec    .         Harm     .   j - +1 cloak
rCorr    .         Rampage  .   (no gloves)
Will     .....                  (no boots)
Stlth    ..........             (no amulet)
HPRegen  0.15/turn              (no ring)
MPRegen  0.10/turn              (no ring)

@: no status effects
A: antennae 1, ignite blood 1, sharp scales 1, demonic magic 1
a: no special abilities


You were on level 4 of the Dungeon.
You visited 1 branch of the dungeon, and saw 4 of its levels.

You collected 146 gold pieces.

Inventory:

Hand Weapons
 a - a +0 trident
 d - a +0 halberd
 l - a +2 quarterstaff of chaos (weapon)
Missiles
 i - 2 throwing nets (quivered)
Armour
 b - a +0 leather armour
 c - a +0 helmet
 e - a +0 crystal plate armour (worn)
 j - a +1 cloak (worn)
Scrolls
 g - a scroll of magic mapping {unknown}
 k - a scroll of identify
Potions
 f - a potion of attraction
 h - a potion of curing


   Skills:
 + Level 3.5 Fighting
 + Level 4.0 Polearms
 - Level 1.8 Throwing
 * Level 3.7 Armour
 - Level 3.1 Dodging


You had 5 spell levels left.
You didn't know any spells.
Your spell library contained the following spells:

 Spells                   Type           Power      Damage    Failure   Level
 Apportation              Tloc           0%         N/A       100%        1
 Foxfire                  Conj/Fire      0%         2x1d4     100%        1
 Blink                    Tloc           N/A        N/A       100%        2
 Conjure Flame            Conj/Fire      0%         6-21      100%        3
 Inner Flame              Hex/Fire       0%         N/A       100%        3
 Alistair's Intoxication  Tmut/Pois      0%         N/A       100%        5
 Manifold Assault         Tloc           0%         N/A       100%        5
 Invisibility             Hex            0%         N/A       100%        6
 Storm Form               Tmut/Air       0%         N/A       100%        7


Dungeon Overview and Level Annotations

Branches:
Dungeon (4/15)
 Temple: D:4-7

Altars:
Fedhas
Kikubaaqudgha
Makhleb
The Shining One

Shops:
D:4 ?


Innate Abilities, Weirdness & Mutations

You have a pair of small antennae on your head.
Your demonic aura sometimes causes spilled blood to erupt in flames.
You are partially covered in razor-sharp scales. (AC +1, Slay +1)
Spells you cast may paralyse adjacent enemies.


Message History

You closely miss the goblin.
The goblin hits you with a +2 dagger of distortion.
Space warps horribly around you!!
You are too injured to fight recklessly!
You are too injured to fight recklessly!
You are too injured to fight recklessly!
You are too injured to fight recklessly!
You are too injured to fight recklessly!
You are too injured to fight recklessly!
You are too injured to fight recklessly!
You are too injured to fight recklessly!
You are too injured to fight recklessly!
You are too injured to fight recklessly!
You are too injured to fight recklessly!
You are too injured to fight recklessly!
You are too injured to fight recklessly!
You are too injured to fight recklessly!
You are too injured to fight recklessly!
You are too injured to fight recklessly!
You are too injured to fight recklessly!
You are too injured to fight recklessly!
Unknown command.
Your crystal plate armour prevents you from hitting the goblin.
The goblin hits you but does no damage.
You blink.
Found an escape hatch in the floor.
The goblin hits you but does no damage.
You thump the adder skeleton! You burn the adder skeleton.
You destroy the adder skeleton!
The goblin hits you but does no damage. x2
You closely miss the goblin.
The goblin hits you with a +2 dagger of distortion.
Space warps horribly around you!
* * * LOW HITPOINT WARNING * * *
The goblin hits you but does no damage. x2
You closely miss the goblin.
The goblin hits you but does no damage. x2
Space bends around you.
* * * LOW HITPOINT WARNING * * *
You barely miss the goblin.
The goblin hits you but does no damage. x2
You feel better.
The goblin hits you but does no damage. x2
Space warps horribly around you!
You die...

..........)......##....#
...............### .#...
....................##..
............!..#..... ..
.....#.....####.### [
...........#. ##
...#.........#
.#.##g......>.# #
#@g....#..#
>.......##...#...
......... ...# .#
....###.####... ... ..#
.. .. ..# # . ... .#..


You could see 2 goblins.

Vanquished Creatures
  A phantom (D:4)
  Crazy Yiuf (D:3)
  Natasha (D:3)
  Terence (D:3)
  Robin (D:3)
  3 gnolls (D:2)
  7 adders
  An adder skeleton (D:4)
  A worm (D:3)
  An orc (D:4)
  6 ball pythons
  9 endoplasms
  3 giant cockroaches
  9 goblins
  9 hobgoblins
  10 jackals
  2 quokkas
  5 bats
  3 frilled lizards
  3 kobolds
  4 rats
81 creatures vanquished.

Vanquished Creatures (others)
  A plant (D:1)
1 creature vanquished.

Grand Total: 82 creatures vanquished

Notes
Turn   | Place    | Note
-------+----------+-------------------------------------------
     0 | D:1      | Malachi the Demonspawn Gladiator began the quest for the
                  | Orb.
     0 | D:1      | Reached XP level 1. HP: 16/16 MP: 1/1
    54 | D:1      | Gained mutation: Your demonic aura sometimes causes spilled
                  | blood to erupt in flames. [demonic ancestry]
    54 | D:1      | Reached XP level 2. HP: 5/22 MP: 2/2
   583 | D:1      | Reached skill level 3 in Polearms
  1672 | D:2      | Reached XP level 3. HP: 26/27 MP: 3/3
  1711 | D:2      | Reached skill level 1 in Armour
  2161 | D:2      | Gained mutation: Spells you cast may paralyse adjacent
                  | enemies. [demonic ancestry]
  2161 | D:2      | Reached XP level 4. HP: 34/34 MP: 4/4
  2456 | D:2      | Found a faded altar of an unknown god.
  3144 | D:3      | Found a burning altar of Makhleb.
  3146 | D:3      | Found an ancient bone altar of Kikubaaqudgha.
  3568 | D:3      | Gained mutation: You have a pair of small antennae on your
                  | head. [demonic ancestry]
  3568 | D:3      | Reached XP level 5. HP: 40/40 MP: 5/5
  3709 | D:3      | Found a blossoming altar of Fedhas.
  3735 | D:3      | Found a runed translucent door.
  3736 | D:3      | Noticed Crazy Yiuf
  3783 | D:3      | Noticed Terence
  3792 | D:3      | Killed Terence
  4066 | D:3      | Noticed Natasha
  4070 | D:3      | Killed Natasha
  4378 | D:3      | Noticed Robin
  4397 | D:3      | Killed Robin
  4647 | D:3      | Killed Crazy Yiuf
  5143 | D:4      | Noticed a phantom
  5150 | D:4      | Killed a phantom
  5151 | D:4      | Reached skill level 4 in Polearms
  5151 | D:4      | Gained mutation: You are partially covered in razor-sharp
                  | scales. (AC +1, Slay +1) [demonic ancestry]
  5151 | D:4      | Reached XP level 6. HP: 47/47 MP: 6/6
  5167 | D:4      | Found Cumaoq's Magic Scroll Shoppe.
  5209 | D:4      | Slain by a goblin

Illustrated notes

Levels and vault maps discovered:
D:1:      dpeg_arrival_erosion, layout_basic, minmay_shallow_snake_nest
D:2:      layout_loops_ring, hellmonk_ecumenical_altar_crossroads
D:3:      layout_basic, mainiacjoe_overflow_surrounded_room, marbit_many_paths,
          chequers_temple_overflow_statue_of_worship, uniq_natasha,
          uniq_terence, uniq_robin, uniq_crazy_yiuf_cottage
D:4:      layout_cave_pools, lemuel_crystal_altar, serial_shops,
          nicolae_shop_crystal

Skill      XL: |  1  2  3  4  5 |
---------------+----------------+-----
Dodging        | 3 |  3.1
Polearms       | 3 4 |  4.0
Armour         | 1 2 3 |  3.7
Fighting       | 3 |  3.5
Throwing       | |  1.8

Action                   |  1- 3 |  4- 6 || total
-------------------------+-------+-------++-------
Melee: Trident           |   125 |       ||   125
       Halberd           |     2 |   172 ||   174
       Quarterstaff      |       |    21 ||    21
Throw: Throwing net      |     3 |       ||     3
       Boomerang         |     2 |       ||     2
  Use: Potion            |       |     4 ||     4
       Scroll            |       |     3 ||     3
Armor: Leather armour    |    23 |       ||    23
       Crystal plate arm |    72 |   204 ||   276
Dodge: Dodged            |    44 |     6 ||    50
